General information
- name: BNet
- type: Ladder team game (AT/RT)
- host: Battle.net
- saver: KongSverker
map: GolemsInTheMist
- players: 8
- length: 52:24
- speed: Fast
- version: 1.26 W3XP
- replay type: Public
» download(314 KB)
Players
team 1 (winner)

»
DeMoNSNiPeR. (
pink | 51 APM | 2692 actions | 52:24)
7 Mountain King
3 Storm Bolt
3 Bash
1 Avatar
6 Paladin
3 Holy Light
2 Divine Shield
1 Resurrection
» actions
| Assign group hotkey | 29 | |
| Basic commands | 1 | |
| Build / train | 75 | |
| Enter build submenu | 16 | |
| Enter hero's abilities submenu | 13 | |
| Remove unit from queue | 1 | |
| Right click | 1473 | |
| Select / deselect | 393 | |
| Select group hotkey | 619 | |
| Use ability | 72 | |
2692 total
» units
| Peasant | 26 | |
| Rifleman | 12 | |
| Sorceress | 5 | |
| Priest | 4 | |
47 total
» upgrades
| Long Rifles | 1 | |
| Sorceress Training | 2 | |
| Priest Training | 2 | |
| Magic Sentry | 1 | |
6 total
» buildings
| Altar of Kings | 1 | |
| Farm | 11 | |
| Barracks | 1 | |
| Blacksmith | 1 | |
| Scout Tower | 1 | |
| Arcane Tower | 1 | |
| Lumber Mill | 1 | |
| Arcane Vault | 3 | |
| Keep | 1 | |
| Arcane Sanctum | 2 | |
| Castle | 1 | |
24 total
» build order
00:11 Altar of Kings
00:14 Farm
00:57 Barracks
01:19 Blacksmith
01:22 Farm
02:13 Farm
02:16 Scout Tower
02:44 Arcane Tower
02:47 Lumber Mill
03:25 Arcane Vault
03:26 Arcane Vault
03:29 Arcane Vault
03:45 Keep
03:59 Farm
03:59 Farm
04:01 Farm
05:42 Farm
05:42 Farm
05:45 Farm
06:07 Arcane Sanctum
06:10 Arcane Sanctum
12:26 Castle
12:32 Farm
13:48 Farm
» items
DeathMaster (
blue | 76 APM | 3843 actions | 50:35)
8 Blood Mage
3 Flame Strike
2 Siphon Mana
1 Summon Phoenix
2 Banish
» actions
| Assign group hotkey | 98 | |
| Basic commands | 131 | |
| Build / train | 130 | |
| Enter build submenu | 74 | |
| Enter hero's abilities submenu | 8 | |
| Give item / drop item | 7 | |
| Remove unit from queue | 1 | |
| Right click | 1554 | |
| Select / deselect | 556 | |
| Select group hotkey | 1045 | |
| Use ability | 239 | |
3843 total
» units
| Peasant | 17 | |
| Footman | 4 | |
| Goblin Shredder | 2 | |
| Sorceress | 3 | |
| Goblin Sapper | 4 | |
| Gryphon Rider | 6 | |
| Dragonhawk Rider | 7 | |
43 total
» upgrades
| Sorceress Training | 1 | |
| Magic Sentry | 1 | |
| Masonry | 3 | |
| Lumber Harvesting | 1 | |
| Storm Hammers | 1 | |
| Swords | 3 | |
| Armor | 3 | |
| Animal War Training | 1 | |
| Cloud | 1 | |
15 total
» buildings
| Altar of Kings | 1 | |
| Barracks | 1 | |
| Farm | 13 | |
| Scout Tower | 58 | |
| Lumber Mill | 1 | |
| Keep | 1 | |
| Arcane Vault | 1 | |
| Arcane Tower | 5 | |
| Town Hall | 3 | |
| Arcane Sanctum | 1 | |
| Guard Tower | 11 | |
| Castle | 1 | |
| Gryphon Aviary | 4 | |
| Blacksmith | 2 | |
103 total
» build order
00:52 Altar of Kings
00:54 Barracks
01:03 Farm
01:06 Farm
01:09 Farm
01:32 Farm
01:53 Farm
02:37 Scout Tower
02:53 Lumber Mill
03:38 Keep
03:45 Arcane Vault
05:07 Arcane Tower
05:28 Town Hall
05:43 Scout Tower
05:58 Scout Tower
07:26 Arcane Sanctum
07:41 Guard Tower
07:43 Scout Tower
08:06 Scout Tower
08:06 Scout Tower
08:08 Scout Tower
08:09 Scout Tower
08:10 Scout Tower
08:11 Scout Tower
08:12 Scout Tower
08:14 Scout Tower
08:48 Castle
08:53 Scout Tower
09:42 Arcane Tower
09:43 Scout Tower
10:09 Guard Tower
10:12 Arcane Tower
10:20 Guard Tower
10:24 Scout Tower
10:26 Scout Tower
10:29 Farm
10:50 Scout Tower
11:05 Scout Tower
11:05 Scout Tower
11:06 Scout Tower
11:08 Scout Tower
11:10 Scout Tower
11:10 Scout Tower
11:11 Scout Tower
11:18 Guard Tower
11:20 Scout Tower
11:24 Scout Tower
11:25 Scout Tower
11:27 Scout Tower
11:32 Scout Tower
12:45 Guard Tower
12:48 Gryphon Aviary
12:49 Gryphon Aviary
12:50 Gryphon Aviary
12:50 Gryphon Aviary
13:17 Guard Tower
15:28 Blacksmith
15:29 Blacksmith
19:33 Town Hall
19:36 Scout Tower
19:36 Scout Tower
19:36 Scout Tower
19:37 Scout Tower
19:39 Scout Tower
19:40 Scout Tower
19:40 Scout Tower
19:42 Scout Tower
19:45 Scout Tower
19:46 Scout Tower
19:46 Scout Tower
19:56 Farm
19:57 Farm
19:58 Farm
19:59 Farm
19:59 Farm
19:59 Farm
20:00 Farm
20:47 Guard Tower
21:27 Arcane Tower
21:59 Scout Tower
21:59 Scout Tower
22:00 Scout Tower
22:02 Scout Tower
22:04 Scout Tower
23:24 Guard Tower
33:31 Scout Tower
33:37 Town Hall
33:42 Scout Tower
33:46 Scout Tower
33:47 Scout Tower
33:48 Scout Tower
33:51 Scout Tower
33:56 Scout Tower
33:57 Scout Tower
33:58 Scout Tower
34:28 Scout Tower
34:29 Scout Tower
34:35 Scout Tower
36:21 Guard Tower
36:27 Guard Tower
36:29 Arcane Tower
36:34 Guard Tower
» items
| Scroll of Regeneration | 10 | |
| Potion of Healing | 11 | |
| Lesser Clarity Potion | 6 | |
| Potion of Mana | 9 | |
| Scroll of Town Portal | 8 | |
44 total

»
Chi-Town-playaa (
orange | 34 APM | 664 actions | 19:19)
4 Mountain King
2 Storm Bolt
2 Thunder Clap
» actions
| Assign group hotkey | 19 | |
| Basic commands | 3 | |
| Build / train | 54 | |
| Enter build submenu | 27 | |
| Enter hero's abilities submenu | 4 | |
| Remove unit from queue | 2 | |
| Right click | 309 | |
| Select / deselect | 169 | |
| Select group hotkey | 23 | |
| Use ability | 54 | |
664 total
» units
| Peasant | 11 | |
| Rifleman | 12 | |
| Goblin Sapper | 1 | |
| Mortar Team | 3 | |
| Siege Engine | 1 | |
| Hippogryph | 4 | |
32 total
» upgrades
| Gunpowder | 2 | |
| Masonry | 1 | |
| Armor | 2 | |
| Fragmentation Shards | 1 | |
| Barrage | 1 | |
7 total
» buildings
| Altar of Kings | 1 | |
| Farm | 10 | |
| Barracks | 1 | |
| Blacksmith | 1 | |
| Scout Tower | 5 | |
| Lumber Mill | 2 | |
| Guard Tower | 5 | |
| Arcane Vault | 1 | |
| Keep | 1 | |
| Workshop | 2 | |
| Castle | 1 | |
| Town Hall | 1 | |
31 total
» build order
01:25 Altar of Kings
01:29 Farm
01:32 Barracks
01:36 Blacksmith
02:09 Farm
02:37 Scout Tower
02:53 Farm
03:13 Farm
03:23 Lumber Mill
03:31 Lumber Mill
03:44 Farm
03:47 Guard Tower
03:51 Scout Tower
04:24 Guard Tower
04:26 Scout Tower
04:30 Arcane Vault
05:33 Guard Tower
05:36 Scout Tower
05:42 Scout Tower
06:06 Guard Tower
06:10 Farm
06:12 Guard Tower
06:17 Farm
07:04 Keep
09:20 Farm
10:47 Workshop
11:02 Castle
11:23 Workshop
12:14 Farm
12:15 Farm
13:50 Town Hall
» items

»
ChalkOutline (
green | 35 APM | 596 actions | 17:05)
4 Warden
2 Fan of Knives
2 Shadow Strike
» actions
| Assign group hotkey | 3 | |
| Basic commands | 19 | |
| Build / train | 63 | |
| Enter build submenu | 16 | |
| Enter hero's abilities submenu | 4 | |
| Give item / drop item | 2 | |
| Remove unit from queue | 3 | |
| Right click | 203 | |
| Select / deselect | 219 | |
| Select group hotkey | 4 | |
| Use ability | 60 | |
596 total
» units
| Wisp | 13 | |
| Archer | 16 | |
| Hippogryph | 9 | |
38 total
» upgrades
| Strength of the Moon | 3 | |
| Moon Armor | 3 | |
| Improved Bows | 1 | |
| Hippogryph Taming | 1 | |
| Marksmanship | 1 | |
| Nature's Blessing | 1 | |
10 total
» buildings
| Altar of Elders | 1 | |
| Moon Well | 9 | |
| Ancient of War | 2 | |
| Ancient of Wonders | 1 | |
| Hunter's Hall | 1 | |
| Tree of Ages | 1 | |
| Ancient of Wind | 2 | |
| Tree of Eternity | 1 | |
18 total
» build order
00:08 Altar of Elders
00:13 Moon Well
00:20 Ancient of War
01:24 Moon Well
01:50 Moon Well
02:48 Ancient of Wonders
04:03 Moon Well
04:38 Hunter's Hall
05:13 Tree of Ages
06:08 Moon Well
08:41 Ancient of Wind
08:45 Ancient of Wind
08:50 Ancient of War
09:05 Moon Well
11:42 Tree of Eternity
13:51 Moon Well
13:52 Moon Well
13:54 Moon Well
» items
| Potion of Healing | 1 | |
| Potion of Mana | 1 | |
| Dust of Appearance | 1 | |
3 total
team 2 (loser)
Rinosoro (
red | 46 APM | 2435 actions | 52:24)
4 Death Knight
2 Death Coil
2 Unholy Aura
3 Lich
2 Frost Nova
1 Dark Ritual
» actions
| Assign group hotkey | 29 | |
| Basic commands | 164 | |
| Build / train | 84 | |
| ESC pressed | 2 | |
| Enter build submenu | 24 | |
| Enter hero's abilities submenu | 7 | |
| Right click | 872 | |
| Select / deselect | 498 | |
| Select group hotkey | 684 | |
| Use ability | 71 | |
2435 total
» units
| Acolyte | 22 | |
| Ghoul | 1 | |
| Crypt Fiend | 9 | |
| Goblin Shredder | 1 | |
| Goblin Zeppelin | 2 | |
| Frost Wyrm | 7 | |
| Gargoyle | 2 | |
| Obsidian Statue | 7 | |
| Meatwagon | 2 | |
53 total
» upgrades
| Creature Attack | 3 | |
| Burrow | 1 | |
| Web | 1 | |
| Creature Carapace | 3 | |
| Destroyer Form | 1 | |
| Unholy Strength | 1 | |
| Unholy Armor | 1 | |
| Freezing Breath | 1 | |
| Cannibalize | 1 | |
| Spirit Walker Training | 1 | |
14 total
» buildings
| Graveyard | 1 | |
| Crypt | 2 | |
| Ziggurat | 9 | |
| Altar of Darkness | 1 | |
| Nerubian Tower | 2 | |
| Tomb of Relics | 1 | |
| Halls of the Dead | 1 | |
| Black Citadel | 1 | |
| Sacrificial Pit | 1 | |
| Boneyard | 2 | |
| Spirit Tower | 3 | |
| Slaughterhouse | 2 | |
26 total
» build order
00:11 Graveyard
00:17 Crypt
00:39 Ziggurat
01:00 Altar of Darkness
01:49 Ziggurat
02:40 Nerubian Tower
03:00 Tomb of Relics
04:23 Halls of the Dead
04:37 Ziggurat
08:28 Black Citadel
08:47 Sacrificial Pit
09:44 Ziggurat
11:20 Boneyard
11:21 Boneyard
11:53 Spirit Tower
12:33 Ziggurat
12:34 Ziggurat
12:35 Ziggurat
14:06 Spirit Tower
17:31 Ziggurat
17:35 Ziggurat
17:51 Slaughterhouse
19:35 Nerubian Tower
19:37 Spirit Tower
26:52 Crypt
28:34 Slaughterhouse
pes12 (
purple | 51 APM | 2696 actions | 52:24)
7 Blademaster
3 Wind Walk
2 Critical Strike
1 Bladestorm
1 Mirror Image
» actions
| Basic commands | 10 | |
| Build / train | 89 | |
| Enter build submenu | 23 | |
| Enter hero's abilities submenu | 7 | |
| Give item / drop item | 3 | |
| Remove unit from queue | 9 | |
| Right click | 1800 | |
| Select / deselect | 586 | |
| Use ability | 167 | |
2696 total
» units
| Peon | 7 | |
| Troll Batrider | 39 | |
| Troll Witch Doctor | 1 | |
47 total
» upgrades
| Spiked Barricades | 1 | |
| Ranged Weapons | 3 | |
| Liquid Fire | 1 | |
| Strength of the Moon | | |
| Reinforced Defenses | 1 | |
| Spirit Walker Training | | |
6 total
» buildings
| Altar of Storms | 1 | |
| Orc Burrow | 11 | |
| Voodoo Lounge | 1 | |
| War Mill | 1 | |
| Stronghold | 2 | |
| Watch Tower | 4 | |
| Fortress | 1 | |
| Beastiary | 2 | |
| Spirit Lodge | 1 | |
24 total
» build order
00:25 Altar of Storms
00:41 Orc Burrow
01:14 Voodoo Lounge
01:27 Orc Burrow
01:32 Orc Burrow
02:24 War Mill
03:46 Stronghold
04:02 Watch Tower
05:31 Orc Burrow
05:39 Orc Burrow
06:16 Fortress
06:27 Beastiary
08:12 Beastiary
10:47 Orc Burrow
17:28 Orc Burrow
17:30 Watch Tower
20:34 Orc Burrow
20:37 Orc Burrow
24:48 Watch Tower
24:55 Watch Tower
25:01 Spirit Lodge
32:52 Orc Burrow
38:17 Orc Burrow
» items
| Lesser Clarity Potion | 8 | |
| Healing Salve | 3 | |
| Scroll of Speed | 1 | |
| Orb of Lightning | 1 | |
| Potion of Mana | 3 | |
| Orb of Fire | 1 | |
17 total
KongSverker (
yellow | 88 APM | 4615 actions | 52:24)
7 Blood Mage
3 Flame Strike
3 Siphon Mana
1 Summon Phoenix
» actions
| Assign group hotkey | 40 | |
| Basic commands | 269 | |
| Build / train | 234 | |
| ESC pressed | 5 | |
| Enter build submenu | 98 | |
| Enter hero's abilities submenu | 7 | |
| Give item / drop item | 8 | |
| Right click | 1769 | |
| Select / deselect | 647 | |
| Select group hotkey | 1311 | |
| Use ability | 227 | |
4615 total
» units
| Peasant | 20 | |
| Footman | 8 | |
| Goblin Shredder | 5 | |
| Sorceress | 2 | |
| Gryphon Rider | 9 | |
| Dragonhawk Rider | 8 | |
52 total
» upgrades
| Defend | 1 | |
| Masonry | 3 | |
| Swords | 3 | |
| Lumber Harvesting | 2 | |
| Armor | 3 | |
| Animal War Training | 1 | |
| Storm Hammers | 1 | |
| Cloud | 1 | |
| Sorceress Training | 2 | |
| Magic Sentry | 1 | |
| Backpack | 1 | |
| Priest Training | 2 | |
| Control Magic | 1 | |
| Plating | 3 | |
| Gunpowder | 3 | |
| Long Rifles | 1 | |
| Flak Cannons | 1 | |
| Flying Machine Bombs | 1 | |
| Barrage | 1 | |
| Fragmentation Shards | 1 | |
| Flare | 1 | |
34 total
» buildings
| Altar of Kings | 1 | |
| Barracks | 1 | |
| Farm | 15 | |
| Arcane Vault | 3 | |
| Town Hall | 5 | |
| Scout Tower | 50 | |
| Lumber Mill | 1 | |
| Arcane Tower | 6 | |
| Keep | 3 | |
| Guard Tower | 95 | |
| Blacksmith | 1 | |
| Castle | 2 | |
| Gryphon Aviary | 8 | |
| Arcane Sanctum | 1 | |
| Workshop | 5 | |
197 total
» build order
00:19 Altar of Kings
00:24 Barracks
00:27 Farm
01:03 Farm
01:38 Farm
02:16 Arcane Vault
02:59 Farm
04:06 Town Hall
05:13 Farm
05:24 Scout Tower
05:28 Lumber Mill
05:43 Scout Tower
05:55 Arcane Tower
06:10 Keep
06:10 Keep
06:20 Scout Tower
06:26 Scout Tower
06:28 Scout Tower
07:26 Arcane Tower
07:27 Arcane Tower
07:28 Guard Tower
07:28 Guard Tower
07:35 Blacksmith
07:39 Scout Tower
07:45 Scout Tower
07:54 Scout Tower
08:06 Guard Tower
08:07 Guard Tower
08:11 Guard Tower
08:12 Guard Tower
08:12 Guard Tower
08:20 Scout Tower
08:23 Scout Tower
08:50 Guard Tower
08:51 Castle
08:53 Guard Tower
08:53 Guard Tower
08:57 Guard Tower
08:59 Scout Tower
10:08 Gryphon Aviary
10:09 Gryphon Aviary
10:13 Gryphon Aviary
10:14 Gryphon Aviary
10:23 Guard Tower
10:23 Guard Tower
10:25 Scout Tower
10:36 Gryphon Aviary
10:44 Gryphon Aviary
10:48 Gryphon Aviary
10:55 Guard Tower
10:56 Guard Tower
10:58 Farm
11:07 Arcane Sanctum
11:41 Guard Tower
11:44 Scout Tower
12:39 Farm
13:33 Scout Tower
13:34 Scout Tower
13:35 Scout Tower
13:36 Scout Tower
13:41 Scout Tower
13:43 Guard Tower
13:48 Farm
14:06 Guard Tower
14:06 Guard Tower
14:09 Guard Tower
14:10 Guard Tower
14:10 Guard Tower
14:15 Guard Tower
14:15 Guard Tower
14:15 Guard Tower
14:18 Guard Tower
14:18 Guard Tower
14:32 Farm
14:35 Farm
14:37 Farm
14:38 Farm
15:52 Farm
15:58 Farm
16:07 Scout Tower
16:10 Scout Tower
16:12 Scout Tower
16:41 Arcane Vault
16:47 Guard Tower
16:47 Guard Tower
16:47 Guard Tower
19:13 Gryphon Aviary
19:24 Farm
21:32 Town Hall
21:59 Scout Tower
22:00 Scout Tower
22:01 Scout Tower
22:04 Scout Tower
22:07 Town Hall
22:10 Scout Tower
22:52 Guard Tower
22:53 Guard Tower
22:53 Guard Tower
24:16 Town Hall
24:19 Scout Tower
24:20 Scout Tower
24:22 Scout Tower
24:23 Scout Tower
24:41 Scout Tower
24:43 Scout Tower
24:46 Scout Tower
24:48 Scout Tower
24:54 Guard Tower
24:56 Guard Tower
24:56 Guard Tower
24:56 Guard Tower
25:19 Guard Tower
25:19 Guard Tower
25:25 Guard Tower
25:26 Guard Tower
26:27 Arcane Vault
27:45 Scout Tower
27:47 Scout Tower
27:52 Scout Tower
27:55 Scout Tower
27:57 Scout Tower
28:15 Guard Tower
28:16 Guard Tower
28:16 Guard Tower
28:18 Guard Tower
28:19 Guard Tower
28:24 Arcane Tower
28:24 Arcane Tower
28:25 Guard Tower
28:25 Guard Tower
33:50 Scout Tower
33:50 Scout Tower
33:52 Scout Tower
34:27 Scout Tower
34:44 Guard Tower
34:44 Guard Tower
34:55 Guard Tower
35:12 Scout Tower
35:13 Scout Tower
35:14 Scout Tower
35:16 Scout Tower
35:23 Town Hall
35:27 Scout Tower
35:29 Scout Tower
35:39 Guard Tower
35:40 Guard Tower
35:40 Guard Tower
35:42 Guard Tower
35:42 Guard Tower
35:46 Guard Tower
35:46 Guard Tower
35:47 Guard Tower
35:47 Guard Tower
35:48 Guard Tower
36:08 Guard Tower
36:08 Guard Tower
36:09 Guard Tower
36:13 Guard Tower
36:13 Guard Tower
37:17 Scout Tower
41:20 Arcane Tower
46:29 Workshop
46:30 Workshop
46:31 Workshop
46:33 Workshop
46:34 Workshop
» items
| Scroll of Regeneration | 7 | |
| Scroll of Town Portal | 6 | |
| Potion of Healing | 4 | |
| Orb of Fire | 1 | |
| Ivory Tower | 1 | |
| Lesser Clarity Potion | 2 | |
| Potion of Mana | 2 | |
23 total
ORCMASTERS (
teal | 34 APM | 1426 actions | 42:05)
5 Far Seer
2 Feral Spirit
3 Chain Lighting
4 Shadow Hunter
2 Healing Wave
2 Serpent Ward
» actions
| Assign group hotkey | 32 | |
| Basic commands | 19 | |
| Build / train | 125 | |
| Enter build submenu | 24 | |
| Enter hero's abilities submenu | 9 | |
| Give item / drop item | 3 | |
| Remove unit from queue | 3 | |
| Right click | 717 | |
| Select / deselect | 306 | |
| Select group hotkey | 66 | |
| Use ability | 122 | |
1426 total
» units
| Peon | 6 | |
| Grunt | 9 | |
| Troll Headhunter/Berserker | 36 | |
| Spirit Walker | 6 | |
| Troll Witch Doctor | 15 | |
| Shaman | 9 | |
81 total
» upgrades
| Pillage | 1 | |
| Armor | 3 | |
| Melee Weapons | 1 | |
| Spiked Barricades | 2 | |
| Ranged Weapons | 3 | |
| Witch Doctor Training | 2 | |
| Berserker Upgrade | 1 | |
| Troll Regeneration | 1 | |
| Shaman Training | 2 | |
| Reinforced Defenses | 1 | |
17 total
» buildings
| Orc Burrow | 6 | |
| Altar of Storms | 1 | |
| Barracks | 1 | |
| War Mill | 1 | |
| Voodoo Lounge | 1 | |
| Watch Tower | 9 | |
| Stronghold | 1 | |
| Spirit Lodge | 1 | |
| Fortress | 1 | |
| Great Hall | 1 | |
23 total
» build order
00:09 Orc Burrow
00:13 Altar of Storms
00:19 Barracks
02:14 Orc Burrow
02:51 War Mill
03:27 Voodoo Lounge
04:05 Orc Burrow
05:16 Watch Tower
05:42 Orc Burrow
06:39 Stronghold
07:17 Watch Tower
07:36 Watch Tower
09:33 Spirit Lodge
10:17 Orc Burrow
11:50 Fortress
12:15 Watch Tower
14:12 Orc Burrow
23:12 Great Hall
23:17 Watch Tower
33:55 Watch Tower
33:58 Watch Tower
34:05 Watch Tower
34:46 Watch Tower
» items
| Scroll of Town Portal | 5 | |
| Healing Salve | 3 | |
| Potion of Healing | 2 | |
| Scroll of Speed | 1 | |
11 total
Chat log
(00:51 / All) KongSverker: Det var unge Kong Sverker
(00:59 / All) KongSverker: Gaar for Dannerkongen at stande
(01:08 / All) KongSverker:
(01:12 / All) Rinosoro: donkenkongen?
(01:14 / All) KongSverker:
(01:30 / All) KongSverker:
(01:33 / All) ORCMASTERS: longdongkong
(01:39 / All) KongSverker: Jeg klager for Eder min Vaande
(01:45 / All) KongSverker: Thi forer Riddere i deres Skjold
(01:46 / All) Rinosoro: hail
(01:51 / All) KongSverker: der graeder suu mange
(01:53 / All) pes12: who know fastdragons
(01:55 / All) pes12: ??
(02:01 / All) ORCMASTERS: she called me long dong silver
(02:06 / All) pes12: lol
(02:08 / All) pes12: who?
(02:32 / All) ORCMASTERS: some chick i fucked her poop shuter
(03:07 / Allies) ORCMASTERS: im not gonna tech
(03:14 / Allies) ORCMASTERS: getting units first
(03:22 / All) Rinosoro: YES MASTER
(03:24 / All) Rinosoro: PROCEED
(13:02 / Allies) pes12: 100 g plz
(13:03 / Allies) pes12: :d
(13:05 / Allies) pes12: :D
(13:12 / Allies) pes12: ty
(14:55 / All) DeathMaster: now we're even :)
(16:45 / Allies) Rinosoro: b
(21:34 / Allies) ORCMASTERS: ty
(24:03 / All) KongSverker: Are you having fun, pink?
(24:04 / All) KongSverker: I am!
(24:10 / All) DeMoNSNiPeR.: good
(24:11 / All) DeMoNSNiPeR.: me too
(25:31 / Allies) Rinosoro: w8
(26:21 / Allies) pes12: gold plz
(26:26 / All) DeMoNSNiPeR.: counter
(26:33 / Allies) Rinosoro: what killed my heroes???
(26:41 / Allies) KongSverker: no idea
(26:46 / Allies) KongSverker: i guess they had invisible units
(26:48 / Allies) KongSverker: or something
(27:00 / Allies) Rinosoro: there was nothing there whent hey died
(27:04 / Allies) KongSverker: idk that's weird man
(27:19 / Allies) ORCMASTERS: all i know is yellow had gryphs around you red
(27:28 / Allies) KongSverker: i was focusing their units
(27:45 / All) DeathMaster: lucky faggot
(28:00 / All) DeathMaster: I had 2 frames per second before that
(28:24 / Allies) ORCMASTERS: tp
(28:29 / Allies) KongSverker: going in for the flank
(28:57 / Allies) Rinosoro: kill hawks
(29:01 / Allies) Rinosoro: gj
(30:34 / Allies) pes12: gold
(30:35 / Allies) pes12: plz
(30:37 / Allies) pes12: yellow
(30:43 / Allies) pes12: tyy
(32:54 / Allies) Rinosoro: stop
(32:55 / Allies) Rinosoro: wtf
(33:00 / Allies) Rinosoro: he yellow
(33:05 / Allies) Rinosoro: ??
(33:08 / Allies) KongSverker: I'm white
(33:09 / Allies) Rinosoro: lol
(33:09 / Allies) ORCMASTERS: i told you red
(33:11 / Allies) KongSverker: not a yellow person
(33:30 / Allies) pes12: lol
(33:31 / Allies) pes12: gg
(33:33 / Allies) pes12: yellow tker
(33:44 / Allies) Rinosoro: ridiculous
(33:50 / Allies) Rinosoro: well
(33:53 / Allies) Rinosoro: too bad for him
(33:58 / Allies) Rinosoro: have some mental issue or so
(34:12 / Allies) Rinosoro: i hope u can recover
(34:30 / Allies) ORCMASTERS: i thought we wanted to win lol
(35:17 / Allies) Rinosoro: i think he got bribe
(35:34 / Allies) KongSverker: "Bribed?"
(35:35 / Allies) pes12: gold plz
(35:38 / Allies) KongSverker: This is WC3
(35:46 / Allies) Rinosoro: and?
(35:51 / Allies) pes12: this you life
(35:53 / Allies) pes12: no we
(35:59 / Allies) KongSverker: If it's just a game then leave
(36:02 / Allies) KongSverker: and find another match
(36:11 / Allies) Rinosoro: good one]
(36:13 / Allies) Rinosoro: do it then
(36:18 / Allies) pes12: lol yellow
(36:19 / Allies) KongSverker: lol
(36:29 / Allies) KongSverker: scaring you off bro, you trying to get my hero
(36:32 / Allies) pes12: :)
(36:39 / Allies) pes12: you kill this team
(36:45 / Allies) pes12: you kill team and i kill you
(36:46 / Allies) pes12: :D
(36:49 / Allies) KongSverker: try to
(36:52 / Allies) pes12: this aka is for lost but gogogogog
(37:05 / Allies) ORCMASTERS: ty
(37:06 / Allies) KongSverker: thanks for the wood red
(37:09 / Allies) pes12: lol
(37:11 / Allies) KongSverker: I'll use it for a good cause to make you lose
(37:13 / Allies) Rinosoro: nope
(37:16 / Allies) Rinosoro: ok
(38:08 / Allies) pes12: fuck
(38:10 / Allies) pes12: yellow
(38:11 / Allies) pes12: lol
(38:12 / All) KongSverker: lol
(38:23 / All) KongSverker: I am the King Sverker. You cannot defy my rule over these ancient lands.
(38:27 / All) KongSverker: The House of Sverker reigns supreme.
(39:08 / Allies) Rinosoro: just bladespin stuff
(39:23 / Allies) pes12: help
(39:25 / Allies) pes12: me yellow
(39:28 / All) KongSverker: der græder saa mange!
(39:31 / Allies) pes12: go burrows
(39:40 / All) KongSverker: He is an ally to the House of Sverker. Why would I defy him?
(39:52 / All) KongSverker: He leaves my kingdom in peace, I leave his in peace.
(39:55 / All) ORCMASTERS: your lucky noob yellow tked
(40:01 / All) pes12: my peon!!!
(40:04 / All) DeathMaster: shut up bastard
(40:11 / All) DeathMaster: mastering death is a lot better than mastering orcs
(40:17 / All) ORCMASTERS: blue and yellow are the same noob people
(40:25 / All) ORCMASTERS: fucking pussy ass bots
(40:34 / All) KongSverker: I am a master of the Scandinavian kingdoms. You are the master and god of death.
(40:37 / All) KongSverker: They seek to defy us
(40:38 / All) ORCMASTERS: gg noobs
(40:40 / All) KongSverker: They will all die
(40:51 / All) pes12: :)
(40:51 / All) KongSverker: You cannot defy us. Even in the Ragnarök we will be victorious!
(42:11 / All) pes12: yellow
(42:14 / All) pes12: kill you main
(42:20 / All) pes12: for towers!!
(42:21 / All) Rinosoro: no
(42:22 / All) Rinosoro: NO
(42:26 / All) pes12: YES
(42:27 / All) Rinosoro: my favorite wc3 un it
(42:27 / All) pes12: YES
(42:31 / All) pes12: lol
(42:33 / All) KongSverker: Leave, all of you! Blue and I lord this land with no opposition. We are victorious!
(42:33 / All) Rinosoro: is gone
(42:41 / All) pes12: LOL
(42:52 / All) pes12: yellow
(42:55 / All) pes12: check my perfil
(42:58 / All) pes12: i am tker you
(42:59 / All) pes12: later
(43:03 / All) KongSverker: The House of Sverker reigns still with the God and Master of death. The Northern Men shall always win. You are all to leave!
(43:07 / All) KongSverker: IMMEDIATELY!
(43:09 / All) pes12: and i abuser you
(43:19 / All) KongSverker: Sverker cannot be abused. He is the King.
(43:22 / All) Rinosoro: u know
(43:31 / All) pes12: yellow
(43:31 / All) Rinosoro: its good stuff to know influent ppl
(43:33 / All) KongSverker: Det var unge Kong Sverker
(43:37 / All) KongSverker: Gaar for Dannerkongen at stande
(43:54 / All) KongSverker: Thi foror idere i deres Skjold!
(44:00 / All) KongSverker: Der græder saa mange.
(44:15 / All) KongSverker: Min ædelige herre
(44:19 / All) pes12: g
(44:22 / All) pes12: GG
(44:23 / All) KongSverker: le de tikkye fortryde
(44:26 / All) pes12: CLAN GAY
(44:34 / All) pes12: YELLOW IS YOU OPPOURT
(44:36 / All) KongSverker: Jeg klager for Eden min vande.
(44:38 / All) pes12: go clan ga}
(44:50 / All) KongSverker: Thi forer i deres Skjold.
(44:57 / All) Rinosoro: YOU CANT STOP MY RESEARCH
(44:58 / Allies) pes12: LOL
(44:59 / All) Rinosoro: U FAIL
(45:08 / All) KongSverker: DER GRÆDER SAA MANGE!
(45:10 / All) Rinosoro: NOW I KNOW TO CANNIBALIZE
(45:14 / All) Rinosoro: U R DONE
(45:27 / All) DeMoNSNiPeR.: blues mad
(45:50 / All) KongSverker: The House of Sverker is the only clan worthy of rule. I will not venture forth to any other House.
(46:21 / All) DeMoNSNiPeR.: rly
(46:21 / All) DeMoNSNiPeR.: lol
(46:41 / All) DeMoNSNiPeR.: GAME IS TIED
(46:44 / All) KongSverker: Death decided it was your time to go.
(47:32 / All) pes12: fuck
(47:37 / All) pes12: blue is bot of yellow
(47:39 / All) pes12: lol
(47:44 / All) KongSverker: Alright everyone, listen up
(47:47 / All) DeMoNSNiPeR.: WELL BLUE TALKED TO ME
(47:49 / All) KongSverker: Blue and I are friends, we were working together
(47:52 / All) KongSverker: We will kill everything
(47:54 / All) KongSverker: including our own stuff
(47:57 / All) DeMoNSNiPeR.: kk
(47:59 / All) KongSverker: The best internet wins
(48:00 / All) Rinosoro: CANT STOP THE RESEARCH
(48:02 / All) KongSverker: Last one to leave wins
(48:07 / All) KongSverker: Each team will have an equal chance of victory
(48:11 / All) KongSverker: It will be a stalemate with no units
(48:12 / All) KongSverker: Sound fair?
(48:18 / All) DeMoNSNiPeR.: lol
(48:33 / All) DeMoNSNiPeR.: well u have more stuff then blue
(48:33 / All) KongSverker: Will all of you be willing to leave your computers on all night for the win?
(48:40 / All) KongSverker: HE is killing all of his stuff too
(48:51 / Allies) KongSverker: See?
(48:57 / All) DeMoNSNiPeR.: ur killin ur stuff yellow?
(49:03 / All) KongSverker: Sverker keeps his word. You will all have equal chances of victory.
(50:15 / All) DeathMaster: Good luck gentlemen
(50:18 / Allies) pes12: lol
(50:21 / All) KongSverker: My side is almost done
(50:26 / All) DeathMaster: May the dumbest faggot reign supreme
(50:29 / All) KongSverker: Last farm and then my army
(50:46 / All) DeMoNSNiPeR.: dude
(50:50 / All) DeMoNSNiPeR.: i have no peasants
(50:50 / All) KongSverker: HE has 0 food
(50:54 / All) KongSverker: I will ahve 0 food soon too
(50:58 / All) KongSverker: Everyone has an equal chance of victory
(51:01 / All) KongSverker: Sverker is a man of his word
(51:03 / All) DeMoNSNiPeR.: how to win???
(51:09 / All) KongSverker: Leave your computer on all night
(51:12 / All) KongSverker: Each team has an equal chance
(52:01 / All) DeMoNSNiPeR.: red n purp
(52:04 / All) DeMoNSNiPeR.: are u there
(52:08 / All) pes12: yep
(52:15 / All) DeMoNSNiPeR.: what u think about this
(52:15 / All) KongSverker: Good luck, everyone
(52:19 / All) KongSverker: LET IT BEGIN, LET IT BEGIN!
(52:23 / All) KongSverker: The HOUSE OF SVERKER REIGNS!